[ AOE2 MATCH · #477111202 ]
UnrankedByzantines vs Vietnamese
[ REPLAY ANALYSIS · EXTRACTED FROM THE RECORDED GAME ]
Feudal
—
Castle
—
Imperial
—
| APM avg | 20.0 |
| APM peak | 67 |
| eAPM avg | 14.7 |
| Villagers / military | 97 / 749 |
Focus
⚔️ 44.3% · 🌾 55.7%
Knight ×267 · Hand Cannoneer ×265 · Skirmisher ×150 · Trade Cart ×42 · Scout Cavalry ×26 · Trebuchet (Packed) ×24
Feudal
16:32
Castle
21:52
Imperial
34:55
| APM avg | 23.1 |
| APM peak | 130 |
| eAPM avg | 15.0 |
| Villagers / military | 110 / 679 |
Focus
⚔️ 29.1% · 🌾 70.9%
Spearman ×285 · Rattan Archer ×223 · Fire Lancer ×114 · Mangonel ×23 · Militia ×20 · Trade Cart ×14
Feudal
15:32
Castle
19:01
Imperial
35:02
| APM avg | 15.9 |
| APM peak | 149 |
| eAPM avg | 14.6 |
| Villagers / military | 144 / 1072 |
Focus
⚔️ 45.8% · 🌾 54.2%
Spearman ×545 · Janissary ×353 · Camel Scout ×47 · Skirmisher ×46 · Archer ×38 · Trade Cart ×22
Feudal
—
Castle
—
Imperial
—
| APM avg | 9.6 |
| APM peak | 44 |
| eAPM avg | 7.3 |
| Villagers / military | 80 / 744 |
Focus
⚔️ 41.0% · 🌾 59.0%
Militia ×369 · Scorpion ×349 · Trade Cart ×25 · Mangonel ×18 · Trebuchet (Packed) ×7 · Monk ×1
Feudal
11:48
Castle
18:51
Imperial
39:00
| APM avg | 18.7 |
| APM peak | 41 |
| eAPM avg | 13.3 |
| Villagers / military | 154 / 518 |
Focus
⚔️ 40.5% · 🌾 59.5%
Spearman ×224 · Skirmisher ×167 · Longbowman ×90 · Knight ×10 · Militia ×10 · Trebuchet (Packed) ×9
Feudal
—
Castle
—
Imperial
—
| APM avg | 13.6 |
| APM peak | 67 |
| eAPM avg | 10.4 |
| Villagers / military | 116 / 598 |
Focus
⚔️ 46.9% · 🌾 53.1%
Scout Cavalry ×129 · Spearman ×108 · Militia ×102 · Konnik ×83 · Skirmisher ×68 · Scorpion ×61
Match map
Initial resources + every placement click. Lines = walls · curves = elevation contours. ◆ gold · ⬟ stone · ● berries · ✦ relic · ◌ wall gap
Your base· ✓ Closed at 21:07 · 0t walls · 2 gate(s)
butyugov.gp's base· ✓ Closed at 21:52 · 0t walls · 2 gate(s)
asl_amsterdam's base· ✓ Closed at 19:01 · 0t walls · 3 gate(s)
TommyThC-'s base· ✓ Closed at 19:37 · 0t walls · 3 gate(s)
Ganz's base· ✓ Closed at 18:51 · 0t walls · 2 gate(s)
RODRIGO__TADDEI's base· ✓ Closed at 20:52 · 0t walls · 2 gate(s)
Smoothed initial terrain · ◌ = detected wall gap · hover for details
Inputs per minute
— KTI_CesaRooR1312 - - butyugov.gp
Build order — KTI_CesaRooR1312
First 150 of 529 actions detected
| 0:03 | Research | Loom |
| 0:03 | Create | Villager (Male) |
| 0:04 | Create | Villager (Male) |
| 0:04 | Create | Villager (Male) |
| 0:04 | Create | Villager (Male) |
| 0:04 | Create | Villager (Male) |
| 0:10 | Build | House |
| 0:34 | Build | House |
| 0:36 | Build | House |
| 0:38 | Build | House |
| 0:40 | Build | House |
| 1:51 | Create | Villager (Male) |
| 2:23 | Create | Villager (Male) |
| 2:53 | Create | Villager (Male) |
| 3:03 | Create | Villager (Male) |
| 3:25 | Create | Villager (Male) |
| 3:26 | Create | Villager (Male) |
| 3:51 | Create | Villager (Male) |
| 4:47 | Create | Villager (Male) |
| 4:47 | Create | Villager (Male) |
| 4:48 | Create | Villager (Male) |
| 5:22 | Build | Mill |
| 5:40 | Create | Villager (Male) |
| 6:00 | Create | Villager (Male) |
| 6:00 | Create | Villager (Male) |
| 6:00 | Create | Villager (Male) |
| 6:01 | Create | Villager (Male) |
| 7:01 | Create | Villager (Male) ×5 |
| 7:54 | Build | Mining Camp |
| 8:18 | Create | Villager (Male) |
| 8:18 | Create | Villager (Male) |
| 8:18 | Create | Villager (Male) |
| 8:19 | Create | Villager (Male) |
| 8:40 | Build | Lumber Camp |
| 9:10 | Build | Mining Camp |
| 9:35 | Build | Farm |
| 9:53 | Build | Farm |
| 10:18 | Build | Farm |
| 10:43 | Build | Farm |
| 11:09 | Build | Farm |
| 11:35 | Build | House |
| 11:36 | Build | House |
| 11:38 | Build | House |
| 11:39 | Build | House |
| 11:40 | Build | House |
| 11:41 | Build | House |
| 11:43 | Build | House |
| 11:47 | Research | Feudal Age |
| 12:00 | Build | Farm |
| 12:01 | Build | Farm |
| 12:02 | Build | Farm |
| 13:03 | Build | Barracks |
| 13:36 | Create | Villager (Male) |
| 13:36 | Create | Villager (Male) |
| 13:37 | Create | Villager (Male) |
| 13:39 | Create | Villager (Male) |
| 13:42 | Create | Villager (Male) |
| 13:58 | Research | Double-Bit Axe |
| 14:22 | Create | Villager (Male) |
| 14:25 | Research | Wheelbarrow |
| 14:49 | Build | Market |
| 15:08 | Build | Stable |
| 15:21 | Build | Blacksmith |
| 15:35 | Research | Horse Collar |
| 16:57 | Create | Villager (Male) |
| 16:57 | Create | Villager (Male) |
| 16:58 | Create | Villager (Male) |
| 16:58 | Create | Villager (Male) |
| 16:58 | Create | Villager (Male) |
| 17:08 | Create | Trade Cart |
| 17:46 | Build | Farm |
| 17:49 | Build | Farm |
| 17:50 | Build | Farm |
| 17:51 | Build | Farm |
| 17:52 | Build | Farm |
| 17:55 | Build | Farm |
| 18:15 | Build | Farm |
| 18:19 | Create | Trade Cart |
| 18:23 | Create | Trade Cart |
| 18:23 | Create | Trade Cart |
| 18:39 | Build | Farm |
| 18:52 | Create | Scout Cavalry |
| 18:52 | Create | Scout Cavalry |
| 18:52 | Create | Scout Cavalry |
| 18:52 | Create | Scout Cavalry |
| 18:53 | Create | Scout Cavalry |
| 18:53 | Create | Scout Cavalry |
| 18:53 | Create | Scout Cavalry |
| 18:54 | Create | Scout Cavalry |
| 18:56 | Create | Scout Cavalry |
| 19:08 | Build | Stable |
| 19:53 | Build | Mill |
| 20:04 | Build | Mill |
| 20:36 | Create | Scout Cavalry |
| 20:36 | Create | Scout Cavalry |
| 21:07 | Research | Castle Age |
| 21:30 | Research | Forging |
| 21:47 | Research | Gold Mining |
| 22:01 | Research | Stone Mining |
| 22:15 | Create | Trade Cart |
| 22:16 | Create | Trade Cart |
| 22:25 | Research | Scale Barding Armor |
| 23:06 | Create | Trade Cart |
| 23:55 | Research | Husbandry |
| 24:19 | Research | Bow Saw |
| 24:26 | Build | Castle |
| 24:33 | Build | Mining Camp |
| 24:36 | Create | Villager (Male) |
| 24:37 | Create | Villager (Male) |
| 24:37 | Create | Villager (Male) |
| 24:37 | Create | Villager (Male) |
| 24:37 | Create | Villager (Male) |
| 24:51 | Research | Gold Shaft Mining |
| 25:45 | Research | Chain Barding Armor |
| 25:46 | Research | Iron Casting |
| 25:57 | Create | Knight |
| 25:57 | Create | Knight |
| 25:57 | Create | Knight |
| 26:47 | Create | Knight ×5 |
| 27:10 | Build | Town Center |
| 27:15 | Create | Villager (Male) |
| 27:15 | Create | Villager (Male) |
| 27:15 | Create | Villager (Male) |
| 27:16 | Create | Villager (Male) |
| 27:45 | Create | Villager (Male) |
| 27:45 | Create | Villager (Male) |
| 27:45 | Create | Villager (Male) |
| 27:45 | Create | Villager (Male) |
| 28:40 | Create | Trade Cart |
| 28:40 | Create | Trade Cart |
| 28:40 | Create | Trade Cart |
| 28:41 | Create | Trade Cart |
| 28:41 | Create | Trade Cart |
| 28:41 | Create | Trade Cart |
| 29:05 | Build | Farm |
| 29:06 | Build | Farm |
| 29:07 | Build | Farm |
| 29:08 | Build | Farm |
| 29:09 | Build | Farm |
| 29:21 | Build | Farm |
| 29:24 | Build | Farm |
| 29:29 | Build | Farm |
| 29:36 | Build | Farm |
| 29:44 | Build | Lumber Camp |
| 30:03 | Build | Farm |
| 30:38 | Build | Farm |
| 30:44 | Research | Imperial Age |
| 30:49 | Create | Villager (Male) ×5 |
| 30:50 | Create | Villager (Male) ×5 |
| 30:50 | Create | Villager (Male) |
Build order — butyugov.gp
First 150 of 441 actions detected
| 0:01 | Create | Villager (Male) ×4 |
| 0:05 | Build | House |
| 0:36 | Build | House |
| 0:37 | Build | House |
| 0:39 | Build | House |
| 0:40 | Build | House |
| 1:27 | Create | Villager (Male) |
| 2:17 | Create | Villager (Male) |
| 2:35 | Create | Villager (Male) |
| 2:58 | Create | Villager (Male) |
| 3:16 | Create | Villager (Male) |
| 3:37 | Create | Villager (Male) |
| 4:09 | Create | Villager (Male) ×2 |
| 4:21 | Create | Villager (Male) |
| 4:56 | Create | Villager (Male) |
| 4:58 | Create | Villager (Male) |
| 5:36 | Create | Villager (Male) |
| 5:36 | Create | Villager (Male) |
| 5:46 | Research | Loom |
| 5:47 | Create | Villager (Male) ×4 |
| 6:02 | Build | House |
| 6:03 | Build | House |
| 6:06 | Build | House |
| 6:07 | Build | House |
| 6:12 | Build | Mining Camp |
| 6:16 | Create | Villager (Male) ×2 |
| 6:54 | Create | Villager (Male) ×2 |
| 7:59 | Build | Lumber Camp |
| 8:22 | Build | Mill |
| 8:27 | Create | Villager (Male) ×5 |
| 8:43 | Create | Villager (Male) ×3 |
| 9:40 | Create | Villager (Male) |
| 9:41 | Create | Villager (Male) |
| 9:42 | Create | Villager (Male) |
| 12:19 | Research | Feudal Age |
| 12:40 | Build | Barracks |
| 12:49 | Build | Farm |
| 12:53 | Build | Farm |
| 12:54 | Build | Farm |
| 12:56 | Build | Farm |
| 12:57 | Build | Farm |
| 13:00 | Build | Farm |
| 13:21 | Build | Mill |
| 13:23 | Build | Farm |
| 13:24 | Build | Farm |
| 13:26 | Build | Farm |
| 13:28 | Build | Farm |
| 13:36 | Build | Mill |
| 13:37 | Build | Farm |
| 13:39 | Build | Farm |
| 13:42 | Build | Farm |
| 13:44 | Build | Farm |
| 13:52 | Create | Militia ×5 |
| 14:25 | Build | Farm |
| 14:26 | Build | Farm |
| 14:43 | Build | Outpost |
| 14:47 | Build | Outpost |
| 14:53 | Build | Outpost |
| 15:00 | Create | Militia ×3 |
| 15:43 | Create | Militia |
| 15:43 | Create | Militia |
| 16:01 | Build | House |
| 16:02 | Build | House |
| 16:04 | Build | House |
| 16:18 | Build | House |
| 16:19 | Build | House |
| 16:21 | Build | House |
| 16:32 | Age | Feudal Age |
| 16:37 | Research | Man-at-Arms (upgrade) |
| 16:40 | Create | Villager (Male) |
| 16:41 | Create | Villager (Male) |
| 16:41 | Create | Villager (Male) |
| 16:41 | Create | Villager (Male) |
| 16:55 | Build | Archery Range |
| 16:58 | Build | Stable |
| 17:12 | Research | Town Watch |
| 17:57 | Build | Mining Camp |
| 18:17 | Research | Arson |
| 19:12 | Research | Castle Age |
| 19:43 | Research | Stone Mining |
| 19:47 | Research | Horse Collar |
| 21:52 | Age | Castle Age |
| 21:57 | Build | Town Center |
| 22:01 | Create | Fire Lancer ×5 |
| 22:06 | Research | Thumb Ring |
| 22:24 | Research | Long Swordsman (upgrade) |
| 22:25 | Create | Militia ×5 |
| 22:36 | Create | Villager (Male) ×4 |
| 22:42 | Build | Lumber Camp |
| 23:08 | Create | Villager (Male) |
| 23:08 | Create | Villager (Male) |
| 23:09 | Create | Villager (Male) |
| 23:44 | Research | Heavy Plow |
| 23:56 | Create | Villager (Male) |
| 24:01 | Build | Town Center |
| 24:39 | Create | Villager (Male) |
| 24:40 | Create | Villager (Male) |
| 24:40 | Create | Villager (Male) |
| 24:40 | Create | Villager (Male) |
| 24:48 | Create | Fire Lancer ×5 |
| 25:15 | Build | Castle |
| 25:27 | Create | Villager (Male) |
| 25:28 | Create | Villager (Male) |
| 25:28 | Create | Villager (Male) |
| 25:51 | Create | Villager (Male) |
| 25:52 | Create | Villager (Male) |
| 26:05 | Build | Mill |
| 26:06 | Build | Farm |
| 26:07 | Build | Farm |
| 26:09 | Build | Farm |
| 26:10 | Build | Farm |
| 26:36 | Create | Villager (Male) |
| 26:36 | Create | Villager (Male) |
| 26:37 | Create | Villager (Male) |
| 27:00 | Build | Monastery |
| 27:13 | Create | Villager (Male) |
| 27:14 | Create | Villager (Male) |
| 27:14 | Create | Villager (Male) |
| 27:14 | Create | Villager (Male) |
| 27:14 | Create | Villager (Male) |
| 27:19 | Build | Farm |
| 27:28 | Build | Mill |
| 27:29 | Build | Farm |
| 27:31 | Build | Farm |
| 27:32 | Build | Farm |
| 27:33 | Build | Farm |
| 27:38 | Research | Wheelbarrow |
| 27:45 | Create | Monk |
| 27:56 | Research | Double-Bit Axe |
| 28:23 | Create | Villager (Male) |
| 28:24 | Create | Villager (Male) |
| 28:24 | Create | Villager (Male) |
| 28:24 | Create | Villager (Male) |
| 28:24 | Create | Villager (Male) |
| 29:04 | Create | Militia ×5 |
| 29:34 | Create | Villager (Male) |
| 29:34 | Create | Villager (Male) |
| 29:34 | Create | Villager (Male) |
| 29:34 | Create | Villager (Male) |
| 29:35 | Create | Villager (Male) |
| 29:44 | Build | Blacksmith |
| 29:47 | Build | University |
| 29:50 | Create | Rattan Archer ×5 |
| 30:29 | Create | Villager (Male) |
| 30:29 | Create | Villager (Male) |
| 30:29 | Create | Villager (Male) |
| 30:30 | Create | Villager (Male) |
| 30:30 | Create | Villager (Male) |
| 30:30 | Create | Villager (Male) |
| 30:58 | Research | Bow Saw |
Build order — asl_amsterdam
First 150 of 701 actions detected
| 0:03 | Research | Loom |
| 0:04 | Create | Villager (Male) |
| 0:04 | Create | Villager (Male) |
| 0:04 | Create | Villager (Male) |
| 0:05 | Create | Villager (Male) |
| 0:28 | Build | House |
| 0:29 | Build | House |
| 0:30 | Build | House |
| 0:32 | Build | House |
| 0:42 | Build | House |
| 0:43 | Build | House |
| 1:46 | Create | Villager (Male) |
| 2:35 | Create | Villager (Male) |
| 2:35 | Create | Villager (Male) |
| 2:36 | Create | Villager (Male) |
| 2:54 | Create | Villager (Male) |
| 2:54 | Create | Villager (Male) |
| 3:09 | Create | Villager (Male) |
| 3:52 | Create | Villager (Male) |
| 3:52 | Create | Villager (Male) |
| 4:08 | Create | Villager (Male) |
| 4:33 | Create | Villager (Male) |
| 4:33 | Create | Villager (Male) |
| 5:25 | Create | Villager (Male) |
| 5:25 | Create | Villager (Male) |
| 5:26 | Create | Villager (Male) |
| 5:53 | Build | Lumber Camp |
| 6:42 | Create | Villager (Male) |
| 6:42 | Create | Villager (Male) |
| 6:42 | Create | Villager (Male) |
| 6:42 | Create | Villager (Male) |
| 6:58 | Create | Villager (Male) |
| 6:58 | Create | Villager (Male) |
| 6:59 | Create | Villager (Male) |
| 7:16 | Build | Mill |
| 7:43 | Build | Farm |
| 7:52 | Build | Mining Camp |
| 7:56 | Create | Villager (Male) |
| 7:57 | Create | Villager (Male) |
| 7:57 | Create | Villager (Male) |
| 7:57 | Create | Villager (Male) |
| 8:30 | Create | Villager (Male) |
| 8:30 | Create | Villager (Male) |
| 8:31 | Create | Villager (Male) |
| 8:31 | Create | Villager (Male) |
| 8:52 | Build | Farm |
| 8:53 | Build | Farm |
| 9:22 | Create | Villager (Male) |
| 9:23 | Create | Villager (Male) |
| 9:23 | Create | Villager (Male) |
| 9:50 | Build | Farm |
| 10:08 | Build | House |
| 10:09 | Build | House |
| 10:10 | Build | House |
| 10:11 | Build | House |
| 10:13 | Build | House |
| 10:16 | Build | House |
| 10:18 | Build | House |
| 10:37 | Build | Mill |
| 10:48 | Create | Villager (Male) |
| 11:06 | Build | Lumber Camp |
| 12:05 | Build | Barracks |
| 12:19 | Research | Feudal Age |
| 13:07 | Build | Farm |
| 13:33 | Build | Mining Camp |
| 14:09 | Build | Farm |
| 14:18 | Build | Farm |
| 14:25 | Build | Farm |
| 14:32 | Build | Farm |
| 14:39 | Build | Farm |
| 14:54 | Build | Mining Camp |
| 15:32 | Age | Feudal Age |
| 15:39 | Build | Market |
| 15:47 | Build | Blacksmith |
| 16:01 | Research | Horse Collar |
| 16:21 | Research | Castle Age |
| 16:34 | Research | Stone Mining |
| 16:49 | Create | Villager (Male) |
| 16:49 | Create | Villager (Male) |
| 17:11 | Create | Villager (Male) |
| 17:11 | Create | Villager (Male) |
| 17:39 | Research | Double-Bit Axe |
| 17:54 | Build | Stable |
| 18:06 | Research | Town Watch |
| 18:16 | Create | Villager (Male) |
| 18:23 | Create | Villager (Male) |
| 19:01 | Age | Castle Age |
| 19:08 | Build | Town Center |
| 19:21 | Research | Husbandry |
| 19:34 | Build | Farm |
| 19:36 | Create | Villager (Male) |
| 19:37 | Create | Villager (Male) |
| 19:37 | Create | Villager (Male) |
| 19:58 | Build | Farm |
| 20:01 | Research | Padded Archer Armor |
| 20:18 | Build | Lumber Camp |
| 20:24 | Create | Villager (Male) |
| 20:25 | Create | Villager (Male) |
| 20:40 | Create | Villager (Male) |
| 20:40 | Create | Villager (Male) |
| 21:00 | Create | Villager (Male) |
| 21:01 | Create | Villager (Male) |
| 21:01 | Create | Villager (Male) |
| 21:14 | Build | Farm |
| 21:17 | Create | Villager (Male) |
| 21:18 | Create | Villager (Male) |
| 21:24 | Create | Camel Scout |
| 21:24 | Create | Camel Scout |
| 21:36 | Build | Mining Camp |
| 21:39 | Create | Villager (Male) |
| 21:50 | Build | Mining Camp |
| 21:54 | Create | Villager (Male) |
| 21:55 | Create | Villager (Male) |
| 22:02 | Create | Villager (Male) |
| 22:02 | Create | Villager (Male) |
| 22:10 | Build | Farm |
| 22:14 | Create | Villager (Male) |
| 22:19 | Create | Villager (Male) |
| 22:37 | Create | Villager (Male) |
| 22:37 | Create | Villager (Male) |
| 23:01 | Build | Town Center |
| 23:07 | Build | Farm |
| 23:12 | Create | Camel Scout |
| 23:13 | Create | Camel Scout |
| 23:13 | Create | Camel Scout |
| 23:23 | Create | Villager (Male) |
| 23:24 | Create | Villager (Male) |
| 23:32 | Create | Villager (Male) |
| 23:52 | Build | Farm |
| 23:57 | Create | Villager (Male) |
| 23:58 | Create | Villager (Male) |
| 23:58 | Create | Villager (Male) |
| 24:11 | Research | Gold Mining |
| 24:36 | Build | Farm |
| 24:38 | Create | Villager (Male) |
| 24:38 | Create | Villager (Male) |
| 24:39 | Create | Villager (Male) |
| 24:39 | Create | Villager (Male) |
| 24:59 | Build | House |
| 25:04 | Build | House |
| 25:06 | Build | House |
| 25:07 | Build | House |
| 25:09 | Build | House |
| 25:10 | Build | House |
| 25:12 | Build | House |
| 25:13 | Build | House |
| 25:16 | Build | House |
| 25:17 | Build | House |
| 25:19 | Build | House |
| 25:22 | Research | Leather Archer Armor |
Build order — TommyThC-
First 150 of 405 actions detected
| 0:02 | Create | Villager (Male) |
| 0:02 | Create | Villager (Male) |
| 0:03 | Create | Villager (Male) |
| 0:03 | Create | Villager (Male) |
| 0:18 | Build | House |
| 0:43 | Build | House |
| 0:45 | Build | House |
| 0:49 | Build | House |
| 0:55 | Build | House |
| 0:58 | Build | House |
| 1:38 | Create | Villager (Male) |
| 2:32 | Create | Villager (Male) |
| 3:17 | Create | Villager (Male) |
| 3:17 | Create | Villager (Male) |
| 4:43 | Create | Villager (Male) |
| 4:43 | Create | Villager (Male) |
| 5:18 | Create | Villager (Male) |
| 5:18 | Create | Villager (Male) |
| 5:56 | Create | Villager (Male) |
| 5:57 | Create | Villager (Male) |
| 5:57 | Create | Villager (Male) |
| 6:05 | Build | Mill |
| 6:34 | Create | Villager (Male) |
| 7:25 | Build | Lumber Camp |
| 7:34 | Create | Villager (Male) |
| 7:34 | Create | Villager (Male) |
| 7:35 | Create | Villager (Male) |
| 7:35 | Create | Villager (Male) |
| 7:35 | Create | Villager (Male) |
| 7:49 | Build | Mill |
| 8:17 | Create | Villager (Male) |
| 8:18 | Create | Villager (Male) |
| 9:07 | Build | Mining Camp |
| 9:15 | Create | Villager (Male) |
| 10:12 | Build | Farm |
| 10:39 | Build | Farm |
| 10:52 | Research | Feudal Age |
| 11:04 | Build | Farm |
| 12:03 | Build | Farm |
| 12:03 | Build | Farm |
| 12:05 | Build | Farm |
| 12:09 | Build | Farm |
| 12:11 | Build | Farm |
| 13:05 | Create | Villager (Male) |
| 13:06 | Create | Villager (Male) |
| 13:06 | Create | Villager (Male) |
| 13:12 | Research | Horse Collar |
| 13:16 | Research | Double-Bit Axe |
| 13:25 | Research | Gold Mining |
| 13:37 | Build | Farm |
| 14:04 | Build | Farm |
| 14:11 | Create | Villager (Male) |
| 14:13 | Create | Villager (Male) |
| 14:27 | Build | Farm |
| 14:39 | Create | Villager (Male) |
| 14:40 | Create | Villager (Male) |
| 14:40 | Create | Villager (Male) |
| 14:41 | Create | Villager (Male) |
| 14:54 | Build | Farm |
| 15:10 | Build | Market |
| 15:17 | Build | Farm |
| 15:36 | Research | Wheelbarrow |
| 15:44 | Build | Mining Camp |
| 15:50 | Research | Stone Mining |
| 16:37 | Build | House |
| 16:41 | Build | House |
| 16:43 | Build | House |
| 16:46 | Build | House |
| 16:47 | Build | House |
| 16:58 | Build | Farm |
| 16:59 | Build | Farm |
| 17:27 | Build | Farm |
| 17:28 | Build | Farm |
| 17:36 | Build | Farm |
| 18:27 | Build | Blacksmith |
| 19:37 | Research | Castle Age |
| 20:02 | Build | Barracks |
| 21:32 | Create | Trade Cart |
| 21:32 | Create | Trade Cart |
| 21:35 | Create | Trade Cart |
| 22:18 | Create | Villager (Male) |
| 22:18 | Create | Villager (Male) |
| 22:19 | Create | Villager (Male) |
| 22:19 | Create | Villager (Male) |
| 22:21 | Create | Villager (Male) |
| 22:23 | Research | Hand Cart |
| 22:42 | Build | Farm |
| 23:53 | Build | Siege Workshop |
| 24:11 | Research | Bow Saw |
| 24:41 | Build | Castle |
| 25:24 | Research | Forging |
| 25:25 | Research | Scale Mail Armor |
| 25:32 | Research | Man-at-Arms (upgrade) |
| 25:35 | Research | Squires |
| 25:54 | Create | Villager (Male) |
| 25:54 | Create | Villager (Male) |
| 25:54 | Create | Villager (Male) |
| 25:54 | Create | Villager (Male) |
| 25:55 | Create | Villager (Male) |
| 26:04 | Research | Caravan |
| 26:34 | Build | Town Center |
| 26:44 | Research | Long Swordsman (upgrade) |
| 26:54 | Build | Siege Workshop |
| 27:11 | Research | Iron Casting |
| 27:13 | Research | Chain Mail Armor |
| 27:27 | Research | Gold Shaft Mining |
| 27:51 | Create | Villager (Male) |
| 27:51 | Create | Villager (Male) |
| 27:52 | Create | Villager (Male) |
| 27:52 | Create | Villager (Male) |
| 27:59 | Research | Heavy Plow |
| 28:13 | Build | Farm |
| 28:39 | Build | Barracks |
| 29:23 | Create | Villager (Male) |
| 29:23 | Create | Villager (Male) |
| 29:24 | Create | Villager (Male) |
| 29:24 | Create | Villager (Male) |
| 29:37 | Build | Mining Camp |
| 29:49 | Create | Villager (Male) |
| 29:50 | Create | Villager (Male) |
| 29:50 | Create | Villager (Male) |
| 29:57 | Build | Mining Camp |
| 30:12 | Build | Siege Workshop |
| 30:34 | Build | Lumber Camp |
| 30:38 | Research | Imperial Age |
| 31:00 | Create | Villager (Male) |
| 31:01 | Create | Villager (Male) |
| 31:01 | Create | Villager (Male) |
| 31:01 | Create | Villager (Male) |
| 31:09 | Build | Farm |
| 31:10 | Build | Farm |
| 31:30 | Build | Farm |
| 32:15 | Create | Villager (Male) |
| 32:15 | Create | Villager (Male) |
| 32:16 | Create | Villager (Male) |
| 32:27 | Build | Market |
| 32:48 | Build | Castle |
| 32:57 | Build | Monastery |
| 33:36 | Create | Scorpion ×5 |
| 33:38 | Create | Scorpion ×5 |
| 33:50 | Build | House |
| 33:52 | Build | House |
| 33:53 | Build | House |
| 33:55 | Build | House |
| 33:58 | Build | House |
| 33:59 | Build | House |
| 34:00 | Build | House |
| 34:22 | Build | Mining Camp |
| 34:26 | Create | Monk |
| 35:08 | Research | Legionary (upgrade) |
Build order — Ganz
First 150 of 572 actions detected
| 0:04 | Create | Villager (Male) |
| 0:04 | Create | Villager (Male) |
| 0:05 | Create | Villager (Male) |
| 0:05 | Create | Villager (Male) |
| 0:17 | Build | House |
| 0:49 | Build | House |
| 1:31 | Build | House |
| 1:35 | Create | Villager (Male) |
| 2:04 | Build | House |
| 2:11 | Create | Villager (Male) |
| 2:11 | Create | Villager (Male) |
| 2:38 | Build | Mill |
| 3:09 | Create | Villager (Male) |
| 3:09 | Create | Villager (Male) |
| 3:10 | Create | Villager (Male) |
| 3:25 | Create | Villager (Male) |
| 3:25 | Create | Villager (Male) |
| 3:50 | Create | Villager (Male) |
| 3:50 | Create | Villager (Male) |
| 4:07 | Create | Villager (Male) |
| 4:48 | Create | Villager (Male) |
| 4:48 | Create | Villager (Male) |
| 5:19 | Create | Villager (Male) |
| 5:19 | Create | Villager (Male) |
| 5:19 | Create | Villager (Male) |
| 5:37 | Create | Villager (Male) |
| 6:15 | Create | Villager (Male) |
| 6:38 | Create | Villager (Male) |
| 7:29 | Build | Lumber Camp |
| 7:43 | Build | Farm |
| 7:48 | Create | Villager (Male) |
| 7:48 | Create | Villager (Male) |
| 8:15 | Create | Villager (Male) |
| 8:15 | Create | Villager (Male) |
| 8:33 | Build | Farm |
| 8:47 | Build | Farm |
| 9:04 | Create | Villager (Male) |
| 9:09 | Research | Feudal Age |
| 9:34 | Build | House |
| 9:41 | Research | Loom |
| 10:18 | Build | Mining Camp |
| 10:26 | Build | House |
| 11:07 | Create | Villager (Male) |
| 11:09 | Create | Villager (Male) |
| 11:11 | Create | Villager (Male) |
| 11:12 | Create | Villager (Male) |
| 11:14 | Create | Villager (Male) |
| 11:14 | Create | Villager (Male) |
| 11:32 | Build | Barracks |
| 11:48 | Age | Feudal Age |
| 11:58 | Build | Farm |
| 12:10 | Build | Farm |
| 12:19 | Research | Wheelbarrow |
| 12:39 | Research | Double-Bit Axe |
| 13:07 | Build | Farm |
| 13:08 | Build | Farm |
| 13:42 | Build | Blacksmith |
| 14:02 | Build | Farm |
| 14:13 | Build | Farm |
| 14:27 | Build | Farm |
| 14:40 | Build | Farm |
| 15:13 | Build | Market |
| 15:23 | Build | Farm |
| 16:11 | Research | Castle Age |
| 16:30 | Build | Stable |
| 16:33 | Research | Man-at-Arms (upgrade) |
| 17:13 | Create | Militia |
| 17:13 | Create | Militia |
| 18:01 | Build | Archery Range |
| 18:24 | Research | Horse Collar |
| 18:37 | Build | Mining Camp |
| 18:51 | Age | Castle Age |
| 19:01 | Build | Town Center |
| 19:05 | Research | Bow Saw |
| 19:07 | Research | Heavy Plow |
| 19:11 | Create | Villager (Male) |
| 19:12 | Create | Villager (Male) |
| 19:12 | Create | Villager (Male) |
| 19:13 | Create | Villager (Male) |
| 20:11 | Create | Villager (Male) |
| 20:11 | Create | Villager (Male) |
| 20:12 | Create | Villager (Male) |
| 20:12 | Create | Villager (Male) |
| 20:13 | Create | Villager (Male) |
| 20:20 | Create | Villager (Male) |
| 20:20 | Create | Villager (Male) |
| 20:31 | Build | Farm |
| 21:06 | Build | Farm |
| 21:07 | Build | Farm |
| 21:08 | Build | Farm |
| 21:15 | Build | House |
| 21:22 | Build | House |
| 21:31 | Build | House |
| 22:20 | Build | Monastery |
| 22:29 | Research | Fletching |
| 22:35 | Research | Padded Archer Armor |
| 22:52 | Create | Villager (Male) |
| 22:52 | Create | Villager (Male) |
| 22:59 | Create | Villager (Male) |
| 23:34 | Build | University |
| 23:41 | Create | Villager (Male) |
| 23:41 | Create | Villager (Male) |
| 23:42 | Create | Villager (Male) |
| 23:42 | Create | Villager (Male) |
| 23:49 | Build | Farm |
| 23:56 | Create | Monk |
| 24:05 | Create | Militia |
| 24:05 | Create | Militia |
| 24:05 | Create | Militia |
| 24:10 | Create | Knight |
| 24:10 | Create | Knight |
| 24:11 | Create | Knight |
| 24:18 | Create | Villager (Male) |
| 24:19 | Create | Villager (Male) |
| 24:36 | Build | House |
| 24:42 | Build | House |
| 24:49 | Build | House |
| 24:50 | Build | House |
| 25:01 | Research | Long Swordsman (upgrade) |
| 25:04 | Create | Militia |
| 25:05 | Create | Militia |
| 25:43 | Create | Spearman |
| 25:44 | Create | Spearman |
| 25:44 | Create | Spearman |
| 25:44 | Create | Spearman |
| 25:44 | Create | Spearman |
| 26:33 | Create | Spearman |
| 26:33 | Create | Spearman |
| 26:33 | Create | Spearman |
| 27:26 | Create | Spearman |
| 27:26 | Create | Spearman |
| 27:27 | Create | Spearman |
| 27:57 | Research | Pikeman (upgrade) |
| 28:09 | Research | Hand Cart |
| 28:10 | Create | Villager (Male) |
| 28:10 | Create | Villager (Male) |
| 28:10 | Create | Villager (Male) |
| 28:11 | Create | Villager (Male) |
| 28:24 | Build | Farm |
| 28:34 | Create | Villager (Male) |
| 28:34 | Create | Villager (Male) |
| 28:51 | Build | Town Center |
| 29:06 | Build | Farm |
| 29:08 | Build | Farm |
| 29:10 | Build | Farm |
| 29:23 | Research | Elite Skirmisher (upgrade) |
| 29:30 | Research | Bodkin Arrow |
| 29:32 | Research | Forging |
| 29:44 | Build | Barracks |
| 29:54 | Research | Husbandry |
Build order — RODRIGO__TADDEI
First 150 of 492 actions detected
| 0:06 | Create | Villager (Male) ×4 |
| 0:06 | Research | Loom |
| 0:45 | Build | House |
| 0:50 | Build | House |
| 0:53 | Build | House |
| 0:55 | Build | House |
| 1:10 | Build | Lumber Camp |
| 2:07 | Create | Villager (Male) |
| 2:07 | Create | Villager (Male) |
| 3:49 | Create | Villager (Male) |
| 3:49 | Create | Villager (Male) |
| 5:49 | Create | Villager (Male) |
| 5:49 | Create | Villager (Male) |
| 5:50 | Create | Villager (Male) |
| 5:51 | Create | Villager (Male) |
| 5:51 | Create | Villager (Male) |
| 5:52 | Create | Villager (Male) |
| 5:53 | Create | Villager (Male) |
| 6:39 | Create | Villager (Male) |
| 6:40 | Create | Villager (Male) |
| 7:00 | Create | Villager (Male) |
| 7:42 | Build | Mill |
| 7:50 | Create | Villager (Male) |
| 7:52 | Create | Villager (Male) |
| 7:53 | Create | Villager (Male) |
| 7:54 | Create | Villager (Male) |
| 7:58 | Create | Villager (Male) |
| 8:59 | Create | Villager (Male) |
| 9:23 | Build | House |
| 9:28 | Build | House |
| 9:49 | Build | House |
| 10:07 | Build | Mining Camp |
| 11:42 | Research | Feudal Age |
| 12:32 | Build | Barracks |
| 13:15 | Build | Farm |
| 13:21 | Build | Farm |
| 13:32 | Build | Farm |
| 14:16 | Build | House |
| 14:34 | Build | Market |
| 14:47 | Build | Blacksmith |
| 15:00 | Build | House |
| 15:02 | Build | House |
| 15:03 | Build | House |
| 15:43 | Build | Stable |
| 16:04 | Build | Mining Camp |
| 16:08 | Create | Villager (Male) |
| 16:08 | Create | Villager (Male) |
| 16:16 | Create | Villager (Male) |
| 16:26 | Build | Farm |
| 16:27 | Build | Farm |
| 16:27 | Build | Farm |
| 16:28 | Build | Farm |
| 16:29 | Build | Farm |
| 16:59 | Build | Mill |
| 17:06 | Create | Villager (Male) |
| 17:07 | Create | Villager (Male) |
| 17:26 | Build | Farm |
| 17:27 | Build | Farm |
| 17:27 | Build | Farm |
| 17:28 | Build | Farm |
| 17:35 | Research | Horse Collar |
| 18:05 | Build | Farm |
| 18:15 | Create | Trade Cart |
| 18:24 | Create | Militia |
| 18:25 | Create | Spearman |
| 18:27 | Create | Scout Cavalry |
| 18:27 | Create | Scout Cavalry |
| 18:28 | Create | Scout Cavalry |
| 18:36 | Create | Spearman |
| 18:37 | Create | Militia |
| 18:39 | Create | Scout Cavalry |
| 18:41 | Create | Scout Cavalry |
| 18:54 | Build | Archery Range |
| 19:25 | Build | Archery Range |
| 19:30 | Create | Militia |
| 19:59 | Create | Archer |
| 19:59 | Create | Archer |
| 20:00 | Create | Skirmisher |
| 20:00 | Create | Skirmisher |
| 20:52 | Research | Castle Age |
| 21:11 | Create | Spearman |
| 21:11 | Create | Spearman |
| 21:13 | Create | Scout Cavalry |
| 21:13 | Create | Scout Cavalry |
| 21:27 | Create | Villager (Male) |
| 21:28 | Create | Villager (Male) |
| 21:42 | Build | Gate |
| 22:32 | Build | Farm |
| 22:37 | Research | Double-Bit Axe |
| 22:41 | Research | Gold Mining |
| 22:42 | Research | Stone Mining |
| 23:11 | Research | Forging |
| 23:12 | Research | Scale Barding Armor |
| 23:30 | Build | Barracks |
| 23:45 | Create | Skirmisher |
| 23:46 | Create | Skirmisher |
| 23:49 | Create | Skirmisher |
| 23:49 | Create | Skirmisher |
| 24:09 | Research | Heavy Plow |
| 24:11 | Create | Villager (Male) |
| 24:31 | Build | Town Center |
| 24:49 | Create | Villager (Male) |
| 24:49 | Create | Villager (Male) |
| 24:56 | Build | House |
| 25:02 | Build | House |
| 25:04 | Build | House |
| 25:43 | Build | Stone Wall |
| 25:57 | Create | Villager (Male) |
| 25:58 | Research | Wheelbarrow |
| 26:16 | Create | Villager (Male) |
| 26:32 | Build | Mining Camp |
| 26:53 | Build | Mining Camp |
| 27:23 | Create | Villager (Male) |
| 27:23 | Create | Villager (Male) |
| 27:24 | Create | Villager (Male) |
| 27:25 | Create | Villager (Male) |
| 27:37 | Build | Monastery |
| 27:59 | Research | Bow Saw |
| 28:24 | Create | Monk |
| 28:58 | Create | Militia |
| 28:58 | Create | Militia |
| 29:02 | Create | Militia |
| 29:02 | Create | Militia |
| 29:03 | Research | Squires |
| 29:04 | Research | Gambesons |
| 29:15 | Create | Knight |
| 29:15 | Create | Knight |
| 29:21 | Research | Bloodlines |
| 29:22 | Create | Knight |
| 29:49 | Build | Gate |
| 30:29 | Build | University |
| 30:43 | Build | Castle |
| 31:55 | Create | Trade Cart |
| 31:55 | Create | Trade Cart |
| 32:01 | Research | Caravan |
| 32:02 | Create | Trade Cart |
| 32:08 | Create | Militia |
| 32:08 | Create | Militia |
| 32:08 | Create | Militia |
| 32:10 | Create | Villager (Male) |
| 32:11 | Create | Villager (Male) |
| 32:11 | Create | Villager (Male) |
| 32:12 | Create | Villager (Male) |
| 32:12 | Create | Villager (Male) |
| 32:12 | Create | Villager (Male) |
| 32:13 | Research | Hand Cart |
| 32:23 | Build | Farm |
| 32:25 | Create | Villager (Male) |
| 32:25 | Create | Villager (Male) |
| 33:03 | Research | Gold Shaft Mining |
Match timeline
| 11:32 | Ganz · first_building Barracks |
| 11:48 | Ganz · age_up feudal |
| 12:05 | asl_amsterdam · first_building Barracks |
| 12:32 | RODRIGO__TADDEI · first_building Barracks |
| 12:40 | butyugov.gp · first_building Barracks |
| 13:03 | KTI_CesaRooR1312 · first_building Barracks |
| 15:08 | KTI_CesaRooR1312 · first_building Stable |
| 15:32 | asl_amsterdam · age_up feudal |
| 15:43 | RODRIGO__TADDEI · first_building Stable |
| 16:08 | Ganz · first_market_buy 100 food |
| 16:30 | Ganz · first_building Stable |
| 16:32 | butyugov.gp · age_up feudal |
| 16:55 | butyugov.gp · first_building Archery Range |
| 16:58 | butyugov.gp · first_building Stable |
| 17:54 | asl_amsterdam · first_building Stable |
| 18:01 | Ganz · first_building Archery Range |
| 18:51 | Ganz · age_up castle |
| 18:54 | RODRIGO__TADDEI · first_building Archery Range |
| 19:01 | asl_amsterdam · age_up castle |
| 19:39 | RODRIGO__TADDEI · first_market_sell 100 food |
| 19:48 | RODRIGO__TADDEI · first_market_buy 100 wood |
| 20:02 | TommyThC- · first_building Barracks |
| 21:52 | butyugov.gp · age_up castle |
| 22:20 | Ganz · first_building Monastery |
| 23:05 | TommyThC- · first_market_buy 100 wood |
| 23:53 | TommyThC- · first_building Siege Workshop |
| 24:26 | KTI_CesaRooR1312 · first_building Castle |
| 24:41 | TommyThC- · first_building Castle |
| 25:15 | butyugov.gp · first_building Castle |
| 25:34 | asl_amsterdam · first_building Monastery |
| 25:43 | RODRIGO__TADDEI · wall_segment Stone Wall x26 |
| 27:00 | asl_amsterdam · first_building Castle |
| 27:00 | butyugov.gp · first_building Monastery |
| 27:37 | RODRIGO__TADDEI · first_building Monastery |
| 30:41 | Ganz · first_building Castle |
| 30:43 | RODRIGO__TADDEI · first_building Castle |
| 32:09 | butyugov.gp · first_building Siege Workshop |
| 32:57 | TommyThC- · first_building Monastery |
| 33:35 | butyugov.gp · wall_segment Stone Wall x15 |
| 33:46 | Ganz · first_building Siege Workshop |
| 34:55 | butyugov.gp · age_up imperial |
| 35:02 | asl_amsterdam · age_up imperial |
| 35:19 | asl_amsterdam · first_building Siege Workshop |
| 35:38 | Ganz · first_market_sell 100 stone |
| 36:35 | asl_amsterdam · first_building Archery Range |
| 37:09 | RODRIGO__TADDEI · first_building Krepost |
| 37:29 | Ganz · wall_segment Stone Wall x26 |
| 37:30 | RODRIGO__TADDEI · first_building Siege Workshop |
| 39:00 | Ganz · age_up imperial |
| 39:56 | asl_amsterdam · wall_segment Stone Wall x58 |
| 41:12 | KTI_CesaRooR1312 · first_building Siege Workshop |
| 42:22 | TommyThC- · first_market_sell 100 food |
| 48:53 | butyugov.gp · first_market_sell 100 wood |
| 49:14 | KTI_CesaRooR1312 · first_market_sell 500 wood |
| 56:41 | KTI_CesaRooR1312 · first_building Archery Range |
| 57:51 | Ganz · wall_segment Stone Wall x2 |
| 57:59 | Ganz · wall_segment Stone Wall x1 |
| 66:05 | asl_amsterdam · first_market_sell 500 wood |
| 70:21 | RODRIGO__TADDEI · wall_segment Stone Wall x22 |
| 71:25 | RODRIGO__TADDEI · wall_segment Stone Wall x8 |
| 75:28 | KTI_CesaRooR1312 · first_market_buy 100 stone |
| 77:11 | KTI_CesaRooR1312 · first_building Monastery |
| 82:06 | Ganz · wall_segment Stone Wall x9 |
| 94:36 | asl_amsterdam · wall_segment Stone Wall x15 |
| 95:42 | butyugov.gp · resign |
[ AI ANALYSIS · 1 CREDIT ]
What really happened in this match?
Wolo.gg analyzes every decision: build order, eco, micro, common mistakes by bracket. Personalized analysis on WhatsApp or Discord in 30 seconds.
Civ guide
Byzantines
Perfil
Jugador #22705813